Map: Dreamcatcher LE

Players

MaSa

  • Race: Terran Terran
  • Spawn Location: 11:00

Reynor - Winner!

  • Race: Zerg Zerg
  • Spawn Location: 5:00

Event: WCS Valencia 2018

VOD

Have the link to the VOD?

Description

Time

  • Played on: July 12, 2018, 9:37 a.m.
  • Length: 16:12

All games in this series

Show
View Real Time Build Order
Export as new Build Order

MaSa Terran 

Build Orders: Reaper Expand, MMM Bio 

Get SALT Encoding   

  12  0:00  SCV  
  13  0:12  SCV  
  14  0:17  Supply Depot  
  14  0:25  SCV  
  15  0:39  SCV  
  15  0:40  Barracks  
  16  0:45  Refinery  
  16  0:51  SCV  
  17  1:03  SCV  
  18  1:15  SCV  
  19  1:27  Reaper, Orbital Command  
  20  1:41  Command Center  
  20  1:50  Supply Depot  
  20  1:53  SCV  
  21  1:59  Marine  
  22  2:02  Refinery  
  22  2:05  SCV  
  23  2:15  Factory  
  23  2:19  SCV  
  23  2:22  Barracks Reactor  
  24  2:35  SCV  
  25  2:47  SCV  
  26  2:53  Orbital Command  
  26  3:02  SCV, Starport  
  26  3:05  Hellion x2  
  31  3:09  Barracks Tech Lab  
  31  3:14  SCV  
  32  3:20  SCV  
  33  3:30  Barracks  
  33  3:31  Marine, Stimpack  
  33  3:33  SCV  
  35  3:35  Barracks  
  35  3:36  SCV  
  35  3:39  Factory Reactor  
  36  3:42  Viking  
  36  3:46  SCV  
  39  3:48  SCV  
  39  3:50  Supply Depot  
  40  3:58  SCV  
  40  4:00  SCV, Engineering Bay  
  40  4:01  Marine  
  43  4:10  SCV  
  43  4:12  SCV, Starport Reactor  
  43  4:14  Supply Depot  
  45  4:18  Refinery  
  45  4:20  Marine x2  
  45  4:21  Factory Tech Lab  
  45  4:22  SCV, Marine  
  49  4:25  SCV  
  49  4:27  Terran Infantry Weapons Level 1  
  49  4:29  Marine  
  49  4:31  Marine  
  52  4:38  SCV, Marine x2  
  53  4:40  Marine  
  53  4:42  SCV  
  57  4:47  Marine  
  57  4:48  Marine  
  57  4:49  Supply Depot  
  57  4:50  SCV  
  60  4:54  SCV  
  60  4:56  Marine  
  60  4:58  Supply Depot  
  62  5:10  SCV, Siege Tank, Medivac, Marine x2  
  70  5:16  Supply Depot  
  70  5:19  SCV, Marine x3, Refinery  
  70  5:20  Medivac  
  76  5:24  SCV  
  76  5:25  Supply Depot  
  76  5:28  Marine  
  78  5:37  SCV  
  78  5:38  Marine x2  
  78  5:40  Barracks  
  81  5:44  SCV  
  81  5:46  Barracks  
  81  5:47  Marine x3  
  81  5:49  Medivac, Combat Shields  
  82  5:55  Supply Depot  
  82  5:56  SCV  
  83  6:02  Medivac, Supply Depot  
  83  6:03  SCV  
  86  6:08  Marine x3  
  89  6:14  Siege Tank  
  89  6:18  SCV  
  93  6:20  SCV  
  93  6:21  Terran Infantry Armor Level 1  
  93  6:22  Marine x2  
  93  6:24  Medivac  
  98  6:25  Marine  
  98  6:26  Marine  
  98  6:30  SCV  
  98  6:32  Medivac, Marine  
  104  6:35  Barracks Reactor  
  104  6:37  Barracks Reactor, Supply Depot  
  104  6:40  SCV  
  104  6:43  Marine, Supply Depot  
  106  6:48  Siege Tank  
  106  6:51  Marine  
  110  6:57  Marine x2, Marauder  
  110  6:59  SCV  
  110  7:01  Marine  
  102  7:09  Marine  
  102  7:13  SCV  
  102  7:14  Supply Depot  
  104  7:16  Engineering Bay, Armory  
  104  7:17  Marine x2  
  104  7:19  SCV  
  104  7:22  Marine x2  
  109  7:25  SCV  
  109  7:27  Marine  
  111  7:33  Marine  
  111  7:34  Marine x3  
  111  7:35  Marine  
  116  7:39  Liberator  
  116  7:42  Marine x3  
  116  7:44  Medivac  
  121  7:46  Siege Tank  
  124  7:56  Marine x2  
  114  8:24  Supply Depot  
  114  8:26  Supply Depot  
  112  8:28  Liberator  
  112  8:29  Supply Depot  
  112  8:30  Marine  
  112  8:31  Terran Infantry Weapons Level 2  
  110  8:45  SCV, Marine x4  
  110  8:47  Marine x2  
  110  8:48  SCV, Marine x3  
  115  9:00  SCV  
  100  9:03  Marine x4  
  100  9:05  Marine x4, Siege Tank  
  100  9:06  Marine  
  100  9:08  Command Center  
  112  9:10  Terran Infantry Armor Level 2  
  112  9:15  Liberator  
  111  9:20  Marine x4  
  111  9:23  Marine x3, Liberator  
  111  9:24  Marine x2  
  121  9:38  Marine x4  
  121  9:41  Marine x4  
  121  9:42  Marine  
  121  9:45  Supply Depot  
  133  9:52  Terran Vehicle And Ship Armor Level 1  
  133  9:53  SCV  
  133  9:56  Supply Depot  
  133  9:59  Supply Depot  
  134  10:06  SCV, Marine x7  
  142  10:18  Siege Tank, Marine x2  
  147  10:24  Marine x7  
  154  10:29  SCV x2  
  152  10:36  Marine x2  
  152  10:42  Marine x7, Orbital Command  
  161  10:44  SCV x2  
  160  10:52  Liberator  
  160  10:53  Marine x2  
  124  11:06  Terran Infantry Weapons Level 3, Marine x2  
  124  11:09  Marine x2  
  129  11:15  Marine x2, Siege Tank  
  117  11:22  Marine x3  
  117  11:24  Marine x2  
  119  11:26  SCV x2  
  119  11:27  Marine x2  
  119  11:32  Terran Infantry Armor Level 3  
  110  11:42  Factory  
  110  11:46  Marine x2  
  110  11:47  Marine, Siege Tank, Refinery  
  112  11:49  Marine, Refinery  
  112  11:50  Marine  
  112  11:51  Marine  
  119  11:54  Medivac  
  119  12:00  Sensor Tower, Marine x2  
  123  12:05  Marine  
  123  12:06  Marine  
  125  12:11  Marine x2, Liberator  
  125  12:12  Marine x3  
  130  12:18  Marine x2  
  130  12:19  Siege Tank  
  135  12:23  Medivac, Marine  
  135  12:24  Marine  
  135  12:29  Marine x4  
  144  12:30  Factory Tech Lab, Marine  
  147  12:39  Marine x2  
  147  12:40  Marine  
  147  12:42  Marine  
  151  12:47  Marine x3  
  151  12:49  Marine x2  
  156  12:51  Siege Tank  
  156  12:56  Supply Depot  
  156  12:57  Marine x2  
  158  13:00  Widow Mine  
  158  13:02  Marine  
  161  13:09  Marine x3  
  164  13:15  Marine  
  164  13:16  Marine x3  
  164  13:21  Siege Tank  
  164  13:25  Siege Tank  
  170  13:27  Marine  
  171  13:37  Marine x3  
  171  13:39  Marine x3  
  174  13:42  Marine x2  
  174  13:45  Marine  
  165  13:53  Siege Tank  
  165  13:54  Marine  
  165  13:55  Marine x2  
  171  13:57  Marine x3  
  171  13:59  Marine  
  171  14:00  Marine  
  164  14:02  Marine  
  165  14:11  Siege Tank  
  165  14:12  Marine x2  
  165  14:13  Marine  
  165  14:15  Marine x2  
  173  14:20  Marine x3  
  176  14:24  Marine  
  176  14:27  Orbital Command  
  176  14:30  Marine  
  174  14:31  Marine x2  
  174  14:35  Marine x2  
  174  14:38  Marine x2  
  175  14:39  Marine  
  175  14:42  Marine  
  143  14:48  Marine  
  143  14:49  Marine x2  
  124  14:53  Marine x2  
  124  14:54  Medivac  
  124  14:56  Marine  
  127  15:01  Siege Tank  
  126  15:07  Liberator  
  126  15:10  Liberator  
  126  15:13  Siege Tank, Marine x7  
  133  15:16  Marine x2  
  140  15:31  Marine x4  
  140  15:32  Marine x2  
  140  15:34  Marauder  
  146  15:42  Marine x2  
  142  15:48  Marine  
  142  15:49  Marine x2  
Show
View Real Time Build Order
Export as new Build Order

Reynor Zerg - Winner!

Build Orders: Hatch First 

Get SALT Encoding   

  12  0:00  Drone  
  13  0:12  Overlord  
  13  0:17  Drone  
  14  0:31  Drone x2  
  16  0:49  Hatchery  
  15  0:52  Drone  
  16  0:57  Drone  
  16  0:59  Drone  
  18  1:13  Extractor  
  18  1:15  Spawning Pool  
  18  1:17  Drone  
  17  1:20  Drone  
  18  1:27  Drone  
  19  1:39  Overlord  
  19  1:50  Drone  
  20  2:02  Zergling x4, Queen x2  
  26  2:21  Hatchery  
  25  2:23  Drone  
  26  2:30  Metabolic Boost  
  26  2:36  Drone x2  
  27  2:38  Drone  
  28  2:45  Queen  
  28  2:50  Overlord  
  30  2:54  Drone  
  30  2:55  Drone  
  32  3:02  Zergling x4  
  32  3:04  Drone  
  35  3:10  Drone x3  
  38  3:14  Drone  
  38  3:18  Overlord  
  39  3:23  Queen  
  39  3:26  Drone  
  42  3:30  Overlord  
  42  3:33  Drone  
  43  3:34  Drone  
  43  3:36  Drone  
  45  3:46  Drone x5  
  50  3:49  Overlord  
  50  3:54  Drone x2  
  51  3:56  Zergling x4  
  51  3:59  Drone  
  54  4:04  Queen  
  54  4:06  Zergling x4  
  58  4:11  Drone  
  58  4:14  Evolution Chamber  
  58  4:15  Evolution Chamber  
  57  4:17  Drone x3  
  57  4:22  Overlord  
  57  4:23  Drone  
  61  4:25  Drone  
  61  4:26  Drone  
  61  4:27  Drone  
  61  4:30  Drone x2  
  65  4:40  Zergling x4  
  65  4:43  Drone x3, Zergling x2  
  65  4:44  Zergling x6  
  70  4:47  Baneling Nest  
  70  4:49  Lair  
  70  4:52  Extractor, Zergling x4  
  70  4:53  Extractor  
  70  4:55  Drone  
  70  4:56  Drone  
  70  4:58  Zergling x6  
  73  5:02  Overlord  
  73  5:05  Drone  
  74  5:10  Baneling Nest, Overlord  
  74  5:11  Zergling x2  
  74  5:18  Overlord  
  75  5:21  Drone x2  
  75  5:22  Drone x4  
  75  5:23  Zerg Ground Armor Level 1  
  75  5:24  Zergling x2  
  75  5:28  Zergling x2  
  83  5:29  Queen  
  83  5:32  Zergling x10  
  83  5:35  Baneling x4  
  89  5:37  Zergling x2  
  89  5:39  Zergling x6  
  92  5:45  Zergling x8  
  92  5:48  Drone x2  
  97  5:53  Zergling x2  
  97  5:54  Centrifical Hooks  
  98  5:59  Extractor  
  98  6:03  Overlord x3  
  96  6:05  Zergling x6  
  96  6:08  Baneling x2  
  96  6:09  Baneling x3  
  95  6:11  Zergling x4  
  95  6:12  Zergling x2  
  95  6:14  Overlord  
  98  6:21  Zergling x8  
  98  6:22  Zergling x2  
  98  6:23  Overlord  
  98  6:25  Baneling x5  
  103  6:26  Zergling x2  
  103  6:36  Zerg Melee Weapons Level 1  
  103  6:38  Zergling x4  
  103  6:39  Zergling x12  
  111  6:44  Zergling x4  
  111  6:45  Zergling x2  
  114  6:48  Baneling x6, Hatchery  
  114  6:50  Zergling x2  
  111  6:55  Zergling x4  
  111  7:00  Zergling x2  
  111  7:03  Zergling x6  
  114  7:08  Zergling x4  
  114  7:09  Zergling x8  
  114  7:13  Zergling x2  
  121  7:17  Zergling x4  
  121  7:21  Baneling x10  
  123  7:23  Zergling x2  
  123  7:24  Overlord  
  123  7:27  Zergling x2  
  124  7:33  Zergling x8  
  124  7:35  Zergling x4  
  130  7:38  Baneling x5  
  130  7:42  Zergling x6  
  130  7:44  Zerg Ground Armor Level 2  
  128  7:45  Zergling x6  
  128  7:48  Queen x2  
  128  7:50  Zergling x2  
  128  7:51  Zergling x2  
  137  7:57  Zergling x2  
  133  8:01  Zergling x4  
  133  8:02  Zergling x4  
  133  8:03  Zergling x6  
  131  8:06  Zergling x2  
  127  8:15  Zergling x2  
  127  8:16  Zergling x12  
  123  8:21  Zergling x2  
  123  8:22  Zergling x2  
  123  8:26  Zergling x4  
  122  8:30  Zergling x6  
  122  8:33  Zergling x4  
  119  8:38  Baneling x4  
  119  8:39  Baneling x4, Zergling x10  
  122  8:42  Zergling x2  
  122  8:47  Zergling x2, Hatchery  
  119  8:49  Baneling x4  
  119  8:51  Zergling x4  
  119  8:52  Zergling x2  
  119  8:55  Zergling x2  
  106  9:01  Zergling x4  
  103  9:04  Zergling x4  
  103  9:05  Baneling  
  103  9:06  Baneling x7, Queen  
  106  9:11  Zerg Melee Weapons Level 2  
  106  9:13  Queen  
  106  9:17  Zergling x10  
  106  9:18  Zergling x8  
  106  9:20  Drone  
  106  9:24  Drone  
  117  9:26  Drone  
  117  9:29  Zergling x2  
  117  9:31  Overlord  
  117  9:33  Drone  
  117  9:36  Drone  
  119  9:38  Hydralisk Den, Drone  
  119  9:41  Extractor  
  119  9:43  Overlord  
  119  9:44  Drone x3  
  119  9:45  Drone x2  
  123  9:48  Drone x3  
  123  9:49  Drone  
  127  9:57  Zergling x4  
  127  9:59  Zergling x2  
  130  10:03  Queen  
  130  10:05  Zergling x2  
  130  10:06  Spore Crawler  
  130  10:15  Baneling x5  
  130  10:16  Baneling x6  
  130  10:17  Hydralisk x3  
  130  10:18  Zergling x10  
  130  10:20  Hydralisk x3  
  147  10:29  Baneling x3, Hydralisk x2  
  147  10:30  Zergling x8  
  147  10:34  Hydralisk x2  
  155  10:37  Zergling x6  
  154  10:44  Zergling x4, Hydralisk x2  
  154  10:45  Zergling x4  
  154  10:48  Hydralisk  
  154  10:49  Zergling x2  
  165  10:52  Overlord  
  138  11:04  Hydralisk  
  138  11:05  Hydralisk x6  
  138  11:06  Zergling x4  
  148  11:12  Infestation Pit  
  148  11:13  Hydralisk  
  148  11:14  Zergling x10  
  144  11:18  Hydralisk  
  144  11:19  Zergling x4  
  144  11:20  Zergling x2  
  146  11:28  Zergling x2, Hydralisk x2  
  146  11:29  Zergling x6  
  142  11:35  Drone x2  
  142  11:41  Drone x3, Muscular Augments  
  142  11:44  Extractor  
  142  11:46  Drone x4  
  148  11:56  Hatchery  
  148  11:57  Infestation Pit, Zergling x14  
  148  11:59  Hive  
  154  12:02  Zergling x6  
  154  12:05  Zergling x2  
  158  12:12  Zergling x16  
  166  12:16  Overlord  
  166  12:18  Zergling x6  
  166  12:19  Zergling x2  
  169  12:28  Drone  
  169  12:29  Spore Crawler  
  169  12:30  Zergling x10  
  169  12:33  Overlord  
  173  12:51  Drone x4, Spore Crawler  
  171  12:52  Grooved Spines  
  171  12:58  Zergling x24  
  167  12:59  Zergling x12  
  167  13:03  Zergling x2  
  183  13:17  Adrenal Glands  
  183  13:19  Infestation Pit  
  180  13:22  Drone x2  
  180  13:23  Overlord  
  180  13:25  Zerg Ground Armor Level 3  
  180  13:26  Zerg Melee Weapons Level 3  
  182  13:35  Zergling x26  
  195  13:42  Zergling x2  
  195  13:43  Zergling x10  
  184  13:52  Baneling x14  
  184  13:53  Zergling x8  
  166  14:08  Viper  
  166  14:09  Viper x2  
  175  14:11  Zergling x2, Ultralisk Cavern  
  175  14:12  Zergling x20  
  183  14:21  Zergling x10  
  183  14:22  Zergling x10  
  192  14:27  Zergling x12  
  192  14:30  Zergling x4  
  193  14:41  Zergling x18  
  157  14:49  Zergling x22  
  157  14:52  Zergling x2  
  149  15:12  Ultralisk x3  
  167  15:15  Baneling x2  
  167  15:19  Drone x3  
  167  15:21  Hydralisk  
  166  15:29  Ultralisk x2  
  166  15:30  Zergling x2  
  175  15:36  Baneling x6  
  175  15:41  Zergling x4  
  175  15:42  Zergling x16  
  180  15:55  Zergling x2  
Tags
 
Add a new tag
Caveats
  • Supply blocks, unpowered buildings, or Contaminate may cause inaccurate times.
  • Supply counts are checked every 10 seconds.